 Dungeon Crawl Stone Soup version 0.28.0-45-g0d030f2227 (webtiles) character file.

Game seed: 13114975428725336512

166 Gregoryblaze the Ruffian (level 5, 0/40 HPs)
             Began as a Draconian Transmuter on Apr 6, 2022.
             Slain by Pargi (4 damage)
             ... in a sewer.
             The game lasted 00:05:30 (2266 turns).

Gregoryblaze the Ruffian (Draconian Transmuter)     Turns: 2266, Time: 00:05:30

Health: 0/40       AC:  5    Str: 11 (13) XL:     5   Next: 22%
Magic:  8/9        EV: 12    Int: 14 (15) God:
Gold:   104        SH:  0    Dex:  8 (11) Spells: 6/9 levels left

rFire   + . .      SeeInvis .     - Unarmed
rCold   + . .      Faith    .   (no shield)
rNeg    . . .      Spirit   .   (armour unavailable)
rPois   +          Reflect  .   (helmet restricted)
rElec   +          Harm     .   (no cloak)
rCorr   +          Rampage  .   (no gloves)
Will    .....                   (no boots)
Stlth   +.........              (no amulet)
HPRegen 0.13/turn               (no ring)
MPRegen 0.11/turn               (no ring)

@: brilliant, resistant, wereblooded
A: AC +5, unfitting armour, cold-blooded
a: no special abilities


You were in a sewer.
You visited 1 branch of the dungeon, and saw 3 of its levels.
You also visited: Sewer.

You collected 104 gold pieces.

Inventory:

Missiles
 b - 77 stones
Scrolls
 c - a scroll of identify
 e - a scroll of immolation
 f - 2 scrolls of vulnerability {unknown}
 g - a scroll of noise {unknown}
Potions
 a - a potion of resistance


   Skills:
 + Level 1.4 Fighting
 + Level 2.4 Dodging
 + Level 0.7 Stealth
 + Level 4.4 Unarmed Combat
 + Level 2.7 Spellcasting
 + Level 2.9 Transmutations


You had 6 spell levels left.
You knew the following spells:

 Your Spells              Type           Power      Damage    Failure   Level
a - Beastly Appendage     Tmut           30%        N/A       7%          1
b - Wereblood             Tmut           15%        N/A       10%         2

Your spell library contained the following spells:

 Spells                   Type           Power      Damage    Failure   Level
 Spider Form              Tmut/Pois      9%         N/A       34%         3
 Ice Form                 Ice/Tmut       9%         N/A       75%         4


Dungeon Overview and Level Annotations

Branches:
Dungeon (3/15)              Sewer (1/1)

Altars:
Fedhas
Trog
Yredelemnul

Annotations:
D:3 2 transporters, GilGalad's ghost, amateur MfIE Sewer Pargi


Innate Abilities, Weirdness & Mutations

Your plain brown scales are hard. (AC +5)
You cannot fit into any form of body armour.
You are cold-blooded and may be slowed by cold attacks.


Message History

Unknown command.
You closely miss Pargi.
Pargi is lightly wounded.
Pargi barely misses you. Pargi claws you but does no damage.
Pargi completely misses you.
Unknown command.
Casting: Beastly Appendage (safe; 7% risk of failure)
Confirm with . or Enter, or press ? or * to list all spells.
You feel a surge of power!
Your blood is infused with primal strength.
Pargi misses you. Pargi claws you but does no damage. Pargi claws you.
Unknown command.
You hit Pargi. Your kick misses Pargi. You headbutt Pargi.
Your punch misses Pargi.
Pargi is moderately wounded.
Pargi bites you. Pargi claws you. Pargi barely misses you.
You closely miss Pargi. Your kick misses Pargi. Your headbutt misses Pargi.
Pargi is moderately wounded.
Pargi bites you.
* * * LOW HITPOINT WARNING * * *
Pargi closely misses you. Pargi barely misses you.
You hit Pargi but do no damage. You claw Pargi. You headbutt Pargi!
Pargi is heavily wounded.
Unknown command.
You hit Pargi.
Pargi is severely wounded.
Pargi closely misses you. Pargi barely misses you. Pargi claws you.
* * * LOW HITPOINT WARNING * * *
You closely miss Pargi. Your headbutt misses Pargi.
Pargi is heavily wounded.
Pargi bites you.
* * * LOW HITPOINT WARNING * * *
Pargi misses you. Pargi claws you but does no damage.
Unknown command.
As you read the scroll labelled OTIAG DA RIQEO, it crumbles to dust.
It is a scroll of identify.
e - a scroll of immolation Your horns disappear.
Your talons disappear.
Pargi bites you.
You die...

##≈≈≈≈≈≈≈≈ #. #≈≈≈≈≈≈≈≈≈
#≈ ##≈≈≈≈≈≈≈≈≈ #≈
###.≈≈≈≈≈≈≈≈≈ #.
#.≈≈≈≈≈≈≈≈≈≈# #≈
#.≈≈≈≈≈≈≈≈≈≈# #.
###.≈≈≈≈≈≈≈≈≈≈
≈.##.#.#####.≈≈≈≈≈≈≈≈≈≈≈≈
≈≈.≈≈≈≈T@.#.≈≈≈≈≈≈≈≈≈≈##
≈≈≈≈≈≈≈≈≈≈≈≈≈≈≈≈≈≈≈≈≈##
≈≈≈≈≈≈≈≈≈≈≈≈≈≈≈≈≈≈≈≈≈#
≈≈≈≈≈≈≈≈≈≈≈≈≈≈≈≈≈≈≈≈##
≈≈≈≈≈≈≈≈≈≈≈≈≈≈≈≈≈≈≈##
≈≈≈≈≈≈≈≈≈≈≈≈≈≈≈≈≈≈##
≈≈≈≈≈≈≈≈≈≈≈≈≈≈≈≈≈≈#
#≈≈≈≈≈≈≈≈≈≈≈≈≈≈≈≈##
≈###≈≈#≈≈##≈≈##


You could see Pargi.

Vanquished Creatures
  Natasha (D:3)
  An orc wizard (D:3)
  A hound zombie (D:3)
  3 adder zombies (D:3)
  A worm (D:3)
  4 dart slugs
  7 orcs (D:3)
  4 ball pythons
  6 bats
  10 endoplasms
  5 giant cockroaches
  6 goblins
  4 hobgoblins
  3 jackals (D:2)
  2 kobolds (D:1)
  3 quokkas (D:3)
  5 frilled lizards
  2 rats
68 creatures vanquished.

Vanquished Creatures (others)
  6 plants (D:3)
6 creatures vanquished.

Grand Total: 74 creatures vanquished

Notes
Turn   | Place    | Note
-------+----------+-------------------------------------------
     0 | D:1      | Gregoryblaze the Draconian Transmuter began the quest for
                  | the Orb.
     0 | D:1      | Reached XP level 1. HP: 16/16 MP: 3/3
    69 | D:1      | Reached XP level 2. HP: 23/23 MP: 3/5
   405 | D:1      | Learned a level 2 spell: Wereblood
   781 | D:2      | Reached XP level 3. HP: 28/28 MP: 4/6
  1494 | D:3      | Found a basalt altar of Yredelemnul.
  1513 | D:3      | Found a transporter.
  1514 | D:3      | Noticed GilGalad's ghost (amateur MfIE)
  1522 | D:3      | Reached XP level 4. HP: 26/35 MP: 5/7
  1578 | D:3      | Found a transporter.
  1591 | D:3      | Found a faded altar of an unknown god.
  1621 | D:3      | Reached skill level 4 in Unarmed Combat
  1732 | D:3      | Found a bloodstained altar of Trog.
  1809 | D:3      | Noticed Natasha
  1813 | D:3      | Killed Natasha
  1865 | D:3      | Found a blossoming altar of Fedhas.
  1957 | D:3      | Found a glowing drain.
  1974 | D:3      | Reached XP level 5. HP: 18/40 MP: 7/9
  2001 | Sewer    | Entered a sewer
  2244 | Sewer    | Noticed Pargi
  2266 | Sewer    | Slain by Pargi

Illustrated notes

Levels and vault maps discovered:
D:1:      wander_arrival_peaceful_grave, layout_rooms, item_on_display_a
D:2:      layout_loops_ring
D:3:      layout_basic, nicolae_yredelemnul_corpse_copse, amcnicky_altar_gilded,
          fedhas_ov_isle_minmay, shapermc_ecumenical_altar_totnotflames,
          gammafunk_ghost_stat_death, portal_sewer_entry_f, uniq_natasha
Sewer:    sewer_co_pargi_island

Skill      XL: |  1  2  3  4 |
---------------+-------------+-----
Dodging        | 2 |  2.4
Unarmed Combat | 4 |  4.4
Fighting       | |  1.4
Stealth        | |  0.7
Spellcasting   | |  2.7
Transmutations | |  2.9

Action                   |  1- 3 |  4- 6 || total
-------------------------+-------+-------++-------
Melee: Unarmed           |    92 |   110 ||   202
       Headbutt          |    11 |    17 ||    28
       Club              |     2 |       ||     2
       Kick              |    16 |    18 ||    34
       Tailslap          |     5 |    13 ||    18
       Punch             |     2 |     1 ||     3
 Cast: Beastly Appendage |    23 |    14 ||    37
       Wereblood         |       |     2 ||     2
  Use: Potion            |       |     3 ||     3
       Scroll            |       |     1 ||     1
 Stab: Sleeping          |     1 |       ||     1
Armor: Skin              |    29 |    56 ||    85
Dodge: Dodged            |    71 |   103 ||   174
